 Dungeon Crawl Stone Soup version 0.29-a0-371-g91724d5b39 (webtiles) character file.

Game seed: 5647530506487596014

5052 timneilson the Protected (level 10, 0/61 HPs)
             Began as a Gargoyle Fighter on May 3, 2022.
             Was a Priest of Okawaru.
             Constricted to death by a naga (4 damage)
             ... on level 1 of the Abyss.
             The game lasted 00:24:25 (9894 turns).

timneilson the Protected (Gargoyle Fighter)         Turns: 9894, Time: 00:24:26

Health: 0/61       AC: 44    Str: 28    XL:     10   Next: 56%
Magic:  0/13       EV:  2    Int:  9    God:    Okawaru [***...]
Gold:   308        SH:  6    Dex:  9    Spells: 9/9 levels left

rFire   . . .      SeeInvis .   r - +0 scimitar
rCold   . . .      Faith    .   c - +1 buckler
rNeg    + . .      Spirit   +   e - +12 crystal plate armour of Unreason {Str+4}
rPois   ∞          Reflect  .   q - +0 helmet
rElec   +          Harm     .   (no cloak)
rCorr   .          Rampage  .   (no gloves)
Will    .....                   k - +2 pair of boots
Stlth   ..........              u - amulet of guardian spirit
HPRegen 0.20/turn               (no ring)
MPRegen 0.13/turn               (no ring)

@: slowed, constricted, studying Shields, very slow
A: sickness immunity, AC +7, negative energy resistance 1, electricity
resistance, torment resistance 1, petrification resistance
a: Renounce Religion, Heroism


You were on level 1 of the Abyss.
You worshipped Okawaru.
Okawaru was most pleased with you.
You visited 2 branches of the dungeon, and saw 10 of its levels.
You visited the Abyss 1 time.

You collected 360 gold pieces.
You spent 52 gold pieces at shops.

Inventory:

Hand Weapons
 a - a +1 long sword
 r - a +0 scimitar (weapon)
Armour
 c - a +1 buckler (worn)
 e - the +12 crystal plate armour of Unreason (worn) {Str+4}
   (You acquired it on level 1 of the Dungeon)

   Str:       It affects your strength (+4).
 k - a +2 pair of boots (worn)
 q - a +0 helmet (worn)
Jewellery
 h - a ring of flight
 u - an amulet of guardian spirit (around neck)
Wands
 o - a wand of mindburst (25)
 p - a wand of iceblast (12)
Scrolls
 f - a scroll of enchant armour
 m - 3 scrolls of amnesia
Potions
 d - 2 potions of might
 g - a potion of brilliance
 i - 3 potions of mutation
 j - a potion of ambrosia {unknown}
 l - 2 potions of invisibility {unknown}
 n - a potion of lignification {unknown}
 s - 2 potions of flight


   Skills:
 + Level 6.9 Fighting
 * Level 7.5 Long Blades
 * Level 9.4 Armour
 - Level 0.3 Dodging
 + Level 7.4 Shields
 + Level 4.6 Invocations
 + Level 4.1 Evocations


You had 9 spell levels left.
You didn't know any spells.
Your spell library contained the following spells:

 Spells                   Type           Power      Damage    Failure   Level
 Slow                     Hex            0%         N/A       100%        1
 Confusing Touch          Hex            0%         N/A       100%        3
 Portal Projectile        Hex/Tloc       0%         N/A       100%        3
 Vampiric Draining        Necr           0%         2d6       100%        3
 Leda's Liquefaction      Hex/Erth       0%         N/A       100%        4
 Call Canine Familiar     Summ           Unusable   N/A       N/A         3

Dungeon Overview and Level Annotations

Branches:
Dungeon (9/15)             Temple (1/1) D:6
   Lair: D:8-11         Orc: D:9-12

Altars:
Ashenzari
Cheibriados
Dithmenos
Elyvilon
Fedhas
Gozag
Hepliaklqana
Kikubaaqudgha
Makhleb
Nemelex Xobeh
Okawaru
Qazlal
Ru
Sif Muna
Trog
Uskayaw
Vehumet
Wu Jian
Xom
Yredelemnul
Zin

Shops:
D:9 *

Annotations:
D:9 Erolcha


Innate Abilities, Weirdness & Mutations

You are immune to sickness and miasma.
Your stone body is resilient. (AC +7)
You are immune to poison.
You resist negative energy. (rN+)
You are resistant to electric shocks. (rElec)
You are resistant to unholy torment.
You are immune to petrification.


Message History

The thrashing horror tramples you but does no damage.
The thrashing horror tramples you but does no damage.
The thrashing horror tramples you.
You stumble backwards!
The thrashing horror tramples you!
You hold your ground!
The thrashing horror tramples you.
You hold your ground!
The thrashing horror roars!
The thrashing horror tramples you but does no damage.
You block the thrashing horror's attack.
The thrashing horror barely misses you. x2
The thrashing horror tramples you but does no damage. x2
The goliath frog hits you from afar!
* * * LOW HITPOINT WARNING * * *
You are splashed with acid!
* * * LOW HITPOINT WARNING * * *
4 nagas come into view.
Unknown command.
The thrashing horror attacks as you move away!
The thrashing horror barely misses you.
The thrashing horror tramples you but does no damage.
A naga warrior comes into view. It is wielding a +0 flail.
The guardian serpent shouts!
The naga shouts! x3; You hear a shout!
The thrashing horror tramples you but does no damage.
You block the thrashing horror's attack.
The worldbinder barely misses you.
The worldbinder hits you but does no damage.
The thrashing horror tramples you but does no damage. x2
The naga hits you but does no damage. The naga barely misses you.
Unknown command.
The naga attacks as you move away! The naga hits you but does no damage.
The thrashing horror tramples you but does no damage.
You block the thrashing horror's attack.
The worldbinder calls forth creatures from the Swamp!
The goliath frog attacks as you move away!
The goliath frog barely misses you.
You block the thrashing horror's attack.
The thrashing horror tramples you but does no damage.
The goliath frog hits you but does no damage.
The naga hits you but does no damage. The naga grabs you.
The naga constricts you.
You die...

.. ...## # #..## .
.## .#...##.# ..#.
# #..
#...#...###..## ..
..##..# #.. . .#.##
#.##.#..##.
..###.#...
#...#.SN##.#
k....##.
##.#FxF.#.....k...#
#X.k#N..#.##n.#.#.
#@.#.N.#..#......#
#..N#.##....## ##.#
#.###.n.#...# #.
... .####...# .
.... .. .....# ...
# ...###. ####.##
.. ..#. ## .. #.#
####. .


You could see a thrashing horror, a guardian serpent, 2 goliath frogs, a
worldbinder, a swamp drake (summoned) and 2 nagas.

Vanquished Creatures
  A two-headed ogre (D:8)
  7 yaks
  A steam dragon (D:7)
  Duvessa (D:6)
  4 ice beasts
  2 black bears
  A sky beast (D:6)
  3 wolves (D:8)
  2 phantoms
  A centaur (D:9)
  3 bullfrogs
  A gnoll sergeant (D:8)
  A necrophage (D:4)
  A scorpion (D:6)
  8 wights
  Dowan (D:6)
  9 killer bees
  2 electric eels (D:8)
  3 hounds
  6 jellies
  An orc priest (D:8)
  Jessica (D:3)
  4 iguanas
  2 orc wizards
  Terence (D:3)
  A killer bee simulacrum (D:8)
  7 adders
  11 gnolls
  A shadow imp (D:5)
  3 white imps
  2 ufetubi (D:8)
  A worm (D:2)
  4 dart slugs
  18 orcs
  5 ball pythons
  6 endoplasms
  A giant cockroach (D:4)
  6 goblins
  7 hobgoblins
  6 jackals
  11 bats
  7 frilled lizards
  4 kobolds
  4 rats
172 creatures vanquished.

Vanquished Creatures (others)
  A plant (D:8)
1 creature vanquished.

Grand Total: 173 creatures vanquished

Notes
Turn   | Place    | Note
-------+----------+-------------------------------------------
     0 | D:1      | timneilson the Gargoyle Fighter began the quest for the
                  | Orb.
     0 | D:1      | Reached XP level 1. HP: 14/14 MP: 1/1
   109 | D:1      | Reached XP level 2. HP: 19/19 MP: 2/2
   496 | D:1      | Reached XP level 3. HP: 23/23 MP: 3/3
   523 | D:1      | Found a faded altar of an unknown god.
   886 | D:1      | Identified a scroll of acquirement
   886 | D:1      | Acquired the +12 crystal plate armour of Unreason {Str+4}
  1279 | D:2      | Found a bloodstained altar of Trog.
  1294 | D:2      | Reached XP level 4. HP: 22/28 MP: 4/4
  1702 | D:3      | Noticed Jessica
  1713 | D:3      | Killed Jessica
  1714 | D:3      | Reached skill level 4 in Armour
  1984 | D:3      | Found a hide-covered altar of Uskayaw.
  2044 | D:3      | Noticed Terence
  2055 | D:3      | Killed Terence
  2117 | D:3      | Reached XP level 5. HP: 33/33 MP: 5/5
  2455 | D:3      | Found an ornate altar of the Wu Jian Council.
  2566 | D:3      | Found a stormy altar of Qazlal.
  3046 | D:4      | Noticed a phantom
  3077 | D:4      | Killed a phantom
  3400 | D:4      | Reached skill level 5 in Armour
  3400 | D:4      | Reached XP level 6. HP: 38/38 MP: 6/6
  3521 | D:4      | Found a basalt altar of Yredelemnul.
  3696 | D:5      | Entered Level 5 of the Dungeon
  4315 | D:5      | Reached XP level 7. HP: 44/44 MP: 7/7
  4934 | D:6      | Reached skill level 5 in Shields
  5177 | D:6      | Reached skill level 6 in Armour
  5243 | D:6      | Reached skill level 1 in Evocations
  5320 | D:6      | Found a staircase to the Ecumenical Temple.
  5348 | Temple   | Entered the Ecumenical Temple
  5566 | Temple   | Became a worshipper of Warmaster Okawaru
  5685 | D:6      | Reached skill level 5 in Fighting
  5685 | D:6      | Reached XP level 8. HP: 28/49 MP: 8/8
  5722 | D:6      | Reached skill level 1 in Invocations
  5865 | D:6      | Noticed Dowan
  5866 | D:6      | Noticed Duvessa
  5889 | D:6      | Killed Duvessa
  5890 | D:6      | Reached skill level 5 in Long Blades
  5910 | D:6      | Killed Dowan
  5910 | D:6      | Reached * piety under Okawaru
  6390 | D:7      | Noticed a yak
  6402 | D:7      | Noticed a yak
  6712 | D:7      | Found a blossoming altar of Fedhas.
  6828 | D:7      | Reached skill level 7 in Armour
  7013 | D:7      | Reached XP level 9. HP: 37/54 MP: 8/10
  7208 | D:7      | Reached ** piety under Okawaru
  7249 | D:7      | Reached skill level 8 in Armour
  8262 | D:8      | Reached *** piety under Okawaru
  8263 | D:8      | Reached XP level 10. HP: 56/61 MP: 12/12
  8424 | D:8      | Acquired a manual of Shields
  8604 | D:8      | Noticed a two-headed ogre
  8620 | D:8      | Killed a two-headed ogre
  8621 | D:8      | Reached skill level 9 in Armour
  9486 | D:9      | Found Maytsue's Assorted Antiques.
  9783 | D:9      | Bought a scroll of identify for 52 gold pieces
  9818 | D:9      | Noticed Erolcha
  9820 | D:9      | Paralysed by Erolcha for 3 turns
  9828 | D:9      | Cast into level 1 of the Abyss (Erolcha)
  9849 | Abyss:1  | Noticed a thrashing horror
  9868 | Abyss:1  | Noticed a worldbinder
  9869 | Abyss:1  | Noticed a bog body
  9870 | Abyss:1  | Noticed a bog body
  9871 | Abyss:1  | Noticed a bog body
  9885 | Abyss:1  | Noticed a bog body
  9885 | Abyss:1  | Noticed a goliath frog
  9890 | Abyss:1  | HP: 3/61 [acid[a worldbinder] (5)]
  9891 | Abyss:1  | Noticed a guardian serpent
  9891 | Abyss:1  | Noticed a naga warrior
  9894 | Abyss:1  | Noticed a goliath frog
  9894 | Abyss:1  | Noticed a goliath frog
  9894 | Abyss:1  | Constricted to death by a naga

Illustrated notes

Levels and vault maps discovered:
D:1:      minmay_arrival_shattered_statue, layout_loops_ring,
          shapermc_ecumenical_altar_mp_highgroup, minmay_misc_feat_cross,
          st_stairs_14, corner_web_ring, minmay_tiny_reverse_x
D:2:      layout_basic, basic_altar, serial_corexii_hall,
          corexii_hall_statues_i, chequers_hall_statues_y
D:3:      layout_basic, mainiacjoe_overflow_tiny_flanked,
          mainiacjoe_overflow_alcove_1, mainiacjoe_overflow_24_doors,
          lemuel_flame_loot_1, uniq_terence, uniq_jessica
D:4:      layout_loops_cross, mainiacjoe_overflow_chevrons
D:5:      layout_basic
D:6:      layout_loops_ring, temple_pool_b, uniq_duvessa
D:7:      layout_cave_pools, fedhas_altar_fruit_tree,
          chequers_serial_rivers_room_b
D:8:      layout_basic, serial_ice, serial_ice_b, serial_ice_i, serial_ice_d,
          serial_ice_e, serial_bayou_crossing
D:9:      wad_woods_minihive, layout_cave_pools, nicolae_tso_carved_into_rock,
          serial_shops, shop_fountains, uniq_erolcha
Temple:   eino_temple_scatter_basement
Abyss:1:  base:
D:8

Skill      XL: |  1  2  3  4  5  6  7  8  9 10 |
---------------+-------------------------------+-----
Long Blades    | 2 3 4 5 6 7 |  7.5
Armour         | 4 5 6 7 8 9 |  9.4
Shields        | 4 5 6 7 |  7.4
Fighting       | 4 5 6 |  6.9
Evocations     | 1 2 3 4 |  4.1
Invocations    | 2 3 4 |  4.6
Dodging        | |  0.3

Action                   |  1- 3 |  4- 6 |  7- 9 | 10-12 || total
-------------------------+-------+-------+-------+-------++-------
Melee: Long sword        |   131 |   170 |   291 |       ||   592
       Scimitar          |       |       |   251 |   266 ||   517
Invok: Heroism           |       |       |     5 |     6 ||    11
  Use: Scroll            |     3 |     4 |     3 |     5 ||    15
       Potion            |       |       |     3 |     3 ||     6
Armor: Scale mail        |    68 |       |       |       ||    68
       Crystal plate arm |    39 |   133 |   527 |   443 ||  1142
Dodge: Dodged            |    75 |    26 |   120 |   147 ||   368
Block: Buckler           |    36 |    31 |   161 |   141 ||   369

Table legend: (Time is in decaauts)
 A = Elapsed time spent in this place.
 B = Non-inter-level travel time spent in this place.
 C = Inter-level travel time spent in this place.
 D = Time resting spent in this place.
 E = Time spent auto-exploring this place.
 F = Levels seen in this place.
 G = Mean time per level.
                   A        B        C        D        E       F      G
               +--------+--------+--------+--------+--------+-----+--------+
         Total |  10085 |   9836 |    249 |    789 |   6462 |  11 |  916.8 |
       Dungeon |   9780 |   9577 |    203 |    789 |   6288 |   9 | 1086.7 |
        Temple |    236 |    190 |     46 |      0 |    174 |   1 |  236.0 |
         Abyss |     68 |     68 |      0 |      0 |      0 |   1 |   68.0 |
               +--------+--------+--------+--------+--------+-----+--------+

Top non-repeatable levels by time:
     D:8: 1869 daAuts
     D:6: 1612 daAuts
     D:5: 1246 daAuts
     D:3: 1229 daAuts
     D:7: 1207 daAuts
     D:1: 934 daAuts
     D:4: 861 daAuts
     D:2: 744 daAuts
  Temple: 236 daAuts
     D:9: 75 daAuts
 Abyss:1: 68 daAuts
